 Dungeon Crawl Stone Soup version 0.30-a0-772-g5528072125 (webtiles) character file.

Game seed: 12512273420512785111

1204 Crownlay the Digger (level 8, -4/41 HPs)
             Began as a Gargoyle Earth Elementalist on Feb 12, 2023.
             Slain by a killer bee (6 damage)
             ... on level 7 of the Dungeon.
             The game lasted 00:07:05 (4801 turns).

Crownlay the Digger (Gargoyle Earth Elementalist)   Turns: 4801, Time: 00:07:06

Health: -4/41      AC: 10    Str: 12    XL:     8   Next: 45%
Magic:  10/17      EV: 11    Int: 18    God:
Gold:   264        SH:  0    Dex: 10    Spells: 15/19 levels left

rFire   . . .      SeeInvis .    g - +4 dagger (elec)
rCold   . . .      Faith    .    (no shield)
rNeg    + + .      Spirit   .    a - +0 robe
rPois   ∞          Reflect  .    j - +1 helmet
rElec   +          Harm     .    (no cloak)
rCorr   .          Rampage  .    (no gloves)
Will    .....                    o - +0 pair of boots
Stlth   ++                       (no amulet)
HPRegen 0.26/turn                e - ring of positive energy
MPRegen 0.15/turn                (no ring)

@: no status effects
A: sickness immunity, AC +5, negative energy resistance 1, electricity
resistance, torment resistance 1, petrification resistance
a: no special abilities


You were on level 7 of the Dungeon.
You visited 1 branch of the dungeon, and saw 7 of its levels.

You collected 264 gold pieces.

Inventory:

Hand Weapons
 g - a +4 dagger of electrocution (weapon)
Armour
 a - a +0 robe (worn)
 j - a +1 helmet (worn)
 o - a +0 pair of boots (worn)
Jewellery
 e - a ring of positive energy (left hand)
 A - a ring of protection from fire
Wands
 p - a wand of flame (14)
 r - a wand of charming (4)
Scrolls
 b - 2 scrolls of vulnerability {unknown}
 h - 2 scrolls of silence {unknown}
 i - a scroll of enchant armour
 l - a scroll of fog {unknown}
 q - 4 scrolls of teleportation
 s - 2 scrolls of fear
 w - a scroll of blinking {unknown}
 x - a scroll of noise {unknown}
 B - a scroll of magic mapping {unknown}
 C - 2 scrolls of butterflies {unknown}
Potions
 c - 2 potions of flight {unknown}
 d - a potion of cancellation {unknown}
 f - a potion of might {unknown}
 k - a potion of curing
 m - a potion of resistance {unknown}
 n - 2 potions of brilliance
 t - a potion of mutation {unknown}
 v - 2 potions of attraction {unknown}
 z - 2 potions of degeneration {unknown}
 D - 2 potions of heal wounds {unknown}


   Skills:
 - Level 1.5 Dodging
 - Level 2.1 Stealth
 * Level 6.1 Spellcasting
 + Level 4.3 Conjurations
 + Level 3.5 Summonings
 - Level 0.7 Transmutations
 + Level 6.5 Earth Magic


You had 15 spell levels left.
You knew the following spells:

 Your Spells              Type           Power      Damage    Failure   Level
a - Sandblast             Erth           56%        2d13      1%          1
b - Stone Arrow           Conj/Erth      50%        3d10      3%          3

Your spell library contained the following spells:

 Spells                   Type           Power      Damage    Failure   Level
 Passwall                 Tmut/Erth      15%        N/A       4%          2
 Momentum Strike          Conj/Tloc      26%        3d8       8%          2
 Sting                    Tmut/Pois      24%        1d4       11%         1
 Summon Guardian Golem    Hex/Summ       11%        N/A       17%         3
 Blink                    Tloc           10%        N/A       19%         2
 Ensorcelled Hibernation  Hex/Ice        10%        N/A       19%         2
 Lesser Beckoning         Tloc           10%        N/A       19%         2
 Poisonous Vapours        Pois/Air       10%        N/A       19%         2
 Petrify                  Tmut/Erth      18%        N/A       26%         4
 Spider Form              Tmut/Pois      6%         N/A       30%         3
 Anguish                  Hex/Necr       2%         N/A       75%         4
 Olgreb's Toxic Radiance  Pois           5%         N/A       75%         4
 Orb of Destruction       Conj           10%        9d6       100%        7
 Spellforged Servitor     Conj/Summ      9%         N/A       100%        7


Dungeon Overview and Level Annotations

Branches:
Dungeon (6/15)
 Temple: D:4-7

Altars:
Yredelemnul

Shops:
D:1 :   D:3 (   D:4 :

Annotations:
D:4 1 transporter, MCDelver's ghost, amateur OpFE
D:5 2 transporters


Innate Abilities, Weirdness & Mutations

You are immune to sickness and miasma.
Your stone body is resilient. (AC +5)
You are immune to poison.
You resist negative energy. (rN+)
You are resistant to electric shocks. (rElec)
You are resistant to unholy torment.
You are immune to petrification.


Message History

The blast of sand misses the killer bee.
The killer bee stings you. x2
The killer bee stings you but does no damage.
The killer bee stings you! The killer bee barely misses you. x2
The blast of sand hits the killer bee.
You kill the killer bee!
The killer bee barely misses you.
The killer bee stings you but does no damage.
The killer bee stings you. The killer bee barely misses you.
The killer bee stings you.
You are too injured to fight recklessly!
You are too injured to fight recklessly!
You are too injured to fight recklessly!
You are too injured to fight recklessly!
You are too injured to fight recklessly!
Casting: Sandblast (safe; 1% risk of failure)
Confirm with . or Enter, or press ? or * to list all spells.
Aiming: Sandblast (safe; 1% risk of failure)
Press: ? - help, Shift-Dir - straight line, f - killer bee
Aim: a killer bee (65% to hit)
The blast of sand misses the killer bee.
The killer bee barely misses you. The killer bee stings you.
The killer bee stings you but does no damage.
The killer bee closely misses you. The killer bee stings you.
* * * LOW HITPOINT WARNING * * *
The killer bee barely misses you.
Casting: Sandblast (safe; 1% risk of failure)
Confirm with . or Enter, or press ? or * to list all spells.
Aiming: Sandblast (safe; 1% risk of failure)
Press: ? - help, Shift-Dir - straight line, f/p - killer bee
Aim: a killer bee (65% to hit)
The blast of sand misses the killer bee.
The killer bee stings you.
* * * LOW HITPOINT WARNING * * *
The killer bee stings you but does no damage.
The killer bee closely misses you. The killer bee stings you.
* * * LOW HITPOINT WARNING * * *
The killer bee stings you but does no damage.
The killer bee stings you.
You die...

#.... #.... #....
#.... #.... ...
##########
#y##...##...#######
#y@.........'......
#...........#......
#...........#......
#...........#......
#...........#......
###################


You could see 2 killer bees.

Vanquished Creatures
  2 sky beasts (D:6)
  A centaur (D:6)
  A scorpion (D:5)
  A necrophage (D:4)
  2 killer bees (D:7)
  2 centaur zombies (D:6)
  A bullfrog zombie (D:6)
  A jelly (D:4)
  2 orc priests
  4 hounds
  A centaur skeleton (D:6)
  An iguana (D:5)
  3 orc wizards (D:5)
  2 killer bee zombies (D:6)
  5 adders
  11 gnolls
  A white imp (D:4)
  2 ufetubi
  A worm (D:2)
  2 dart slugs
  9 orcs
  7 ball pythons
  10 endoplasms
  5 giant cockroaches
  5 goblins
  8 hobgoblins
  11 kobolds
  2 quokkas
  5 bats
  4 frilled lizards
  4 rats (D:3)
116 creatures vanquished.

Vanquished Creatures (others)
  A plant (D:1)
  5 toadstools (D:1)
  3 withered plants (D:6)
9 creatures vanquished.

Grand Total: 125 creatures vanquished

Notes
Turn   | Place    | Note
-------+----------+-------------------------------------------
     0 | D:1      | Crownlay the Gargoyle Earth Elementalist began the quest
                  | for the Orb.
     0 | D:1      | Reached XP level 1. HP: 10/10 MP: 3/3
   172 | D:1      | Found Agoem's Book Shoppe.
   175 | D:1      | Reached XP level 2. HP: 15/15 MP: 3/5
  1122 | D:2      | Reached XP level 3. HP: 19/19 MP: 5/7
  1199 | D:2      | Learned a level 3 spell: Stone Arrow
  1836 | D:3      | Found Roigyohe's Weapon Shop.
  1868 | D:3      | Reached XP level 4. HP: 24/24 MP: 1/8
  2257 | D:3      | Reached skill level 1 in Conjurations
  2312 | D:3      | Found a faded altar of an unknown god.
  2460 | D:4      | Found Bomilac's Book Boutique.
  2472 | D:4      | Reached skill level 1 in Summonings
  2528 | D:4      | Reached XP level 5. HP: 28/28 MP: 7/10
  2751 | D:4      | Reached XP level 6. HP: 28/32 MP: 5/12
  2948 | D:4      | Reached skill level 5 in Earth Magic
  2965 | D:4      | Noticed MCDelver's ghost (amateur OpFE)
  2966 | D:4      | Found a transporter.
  2979 | D:4      | Found a basalt altar of Yredelemnul.
  3660 | D:5      | Entered Level 5 of the Dungeon
  3669 | D:5      | Reached XP level 7. HP: 8/36 MP: 5/13
  3801 | D:5      | Found a transporter.
  3928 | D:5      | Found a transporter.
  4155 | D:5      | Reached skill level 5 in Spellcasting
  4526 | D:6      | Reached XP level 8. HP: 36/41 MP: 5/16
  4777 | D:6      | You fall into a shaft and drop 1 floor!
  4801 | D:7      | HP: 2/41 [killer bee (3)]
  4801 | D:7      | Slain by a killer bee

Illustrated notes

Levels and vault maps discovered:
D:1:      ldierk_walled_garden, layout_loops_ring, serial_forest,
          infiniplex_forest_end_1, infiniplex_forest_lined_corner,
          infiniplex_forest_end_2, infiniplex_forest_lined_corner,
          infiniplex_forest_clump_diagonal, serial_shops, shop
D:2:      layout_rooms, nicolae_concentric_dashed_squares_mild,
          dreamdust_princess_corridor, minmay_misc_feat_enclosed,
          hangedman_decor_clover_reticule, minmay_crystal_room,
          minmay_pentomino_q2
D:3:      layout_rooms, ebering_ecumenical_altar_mist, serial_shops,
          nicolae_shop_bloodbath_and_beyond
D:4:      minmay_recursive_quarters, layout_basic,
          mainiacjoe_overflow_small_starburst, gammafunk_ghost_smash,
          serial_shops, shop, nicolae_grassy_gnolls
D:5:      gammafunk_wand_slinger, layout_loops_cross
D:6:      layout_rooms, amcnicky_altar_gilded, temple_doors_ab, serial_shops,
          nicolae_inconvenience_store, serial_undead, serial_undead_a,
          serial_undead_b, serial_undead_c, serial_undead_c
D:7:      layout_gridville, serial_shops,
          nicolae_shop_temple_entry_statues_fountains, minmay_misc_feat_five

Skill      XL: |  1  2  3  4  5  6  7  8 |
---------------+-------------------------+-----
Earth Magic    | 4 5 6 |  6.5
Spellcasting   | 3 4 5 6 |  6.1
Conjurations   | 1 2 3 4 |  4.3
Summonings     | 1 2 3 |  3.5
Dodging        | |  1.5
Stealth        | |  2.1
Transmutations | |  0.7

Action                     |  1- 3 |  4- 6 |  7- 9 || total
---------------------------+-------+-------+-------++-------
  Melee: Unarmed           |     4 |       |       ||     4
   Cast: Sandblast         |    54 |    86 |    73 ||   213
    Use: Scroll            |       |     6 |     3 ||     9
         Potion            |       |     2 |     1 ||     3
 Armour: Robe              |     7 |    22 |    32 ||    61
  Dodge: Dodged            |    10 |    26 |    51 ||    87

Table legend: (Time is in decaauts)
 A = Elapsed time spent in this place.
 B = Non-inter-level travel time spent in this place.
 C = Inter-level travel time spent in this place.
 D = Time resting spent in this place.
 E = Time spent auto-exploring this place.
 F = Levels seen in this place.
 G = Mean time per level.
                   A        B        C        D        E       F      G
               +--------+--------+--------+--------+--------+-----+--------+
         Total |   4905 |   4701 |    204 |      0 |   4032 |   7 |  700.7 |
       Dungeon |   4905 |   4701 |    204 |      0 |   4032 |   7 |  700.7 |
               +--------+--------+--------+--------+--------+-----+--------+

Top non-repeatable levels by time:
     D:4: 1231 daAuts
     D:1: 1130 daAuts
     D:5: 784 daAuts
     D:2: 728 daAuts
     D:3: 636 daAuts
     D:6: 366 daAuts
     D:7: 27 daAuts
